 Dungeon Crawl Stone Soup version 0.24-a0-412-ge138f7e (webtiles) character file.

Game seed: 454129799686191072

588 Deathlysoul the Shield-Bearer (level 7, 0/62 HPs)
             Began as a Minotaur Fighter on June 7, 2019.
             Was a Follower of Okawaru.
             Succumbed to a water moccasin's poison
             ... on level 4 of the Dungeon.
             The game lasted 00:03:39 (3264 turns).

Deathlysoul the Shield-Bearer (Minotaur Fighter)    Turns: 3264, Time: 00:03:40

Health: 0/62       AC:  7    Str: 22    XL:     7   Next: 15%
Magic:  6/6        EV:  8    Int:  5    God:    Okawaru [*.....]
Gold:   235        SH: 10    Dex: 10    Spells: 6/6 levels left

rFire    . . .     SeeInvis .   s - +0 morningstar
rCold    . . .     Gourm    .   c - +0 shield
rNeg     . . .     Faith    .   b - +0 scale mail
rPois    .         Spirit   .   (helmet restricted)
rElec    .         Reflect  .   (no cloak)
rCorr    .         Harm     .   (no gloves)
MR       .....                  (no boots)
Stlth    ..........             (no amulet)
HPRegen  0.20/turn              (no ring)
MPRegen  0.10/turn              (no ring)

@: lethally poisoned (0 -> -7), hasted, very quick
A: retaliatory headbutt, horns 2
a: Heroism, Renounce Religion


You were on level 4 of the Dungeon.
You worshipped Okawaru.
Okawaru was aware of your devotion.
You were not hungry.

You visited 1 branch of the dungeon, and saw 4 of its levels.

You collected 235 gold pieces.

Inventory:

Hand Weapons
 a - a +0 flail
 s - a +0 morningstar (weapon)
Armour
 b - a +0 scale mail (worn)
 c - a +0 shield (worn)
Jewellery
 r - a cursed -3 ring of protection {unknown}
 t - an uncursed amulet of regeneration {unknown}
 x - an uncursed amulet of rage {unknown}
Wands
 u - a wand of random effects (27)
Scrolls
 j - 2 scrolls of identify {unknown}
 k - a scroll of fear {unknown}
 m - 3 scrolls of teleportation {unknown}
 q - 3 scrolls of remove curse {unknown}
 v - 2 scrolls of amnesia {unknown}
 w - a scroll of magic mapping {unknown}
 y - a scroll of blinking {unknown}
Potions
 d - a potion of might
 e - a potion of ambrosia {unknown}
 g - a potion of resistance {unknown}
 h - 2 potions of magic {unknown}
 i - a potion of lignification {unknown}
 l - a potion of haste
 n - a potion of curing {unknown}
 o - a potion of mutation {unknown}
 p - 5 potions of heal wounds {unknown}
Comestibles
 f - 6 rations
 z - 3 chunks of flesh


   Skills:
 * Level 5.8 Fighting
 * Level 5.1 Maces & Flails
 * Level 5.8 Armour
 * Level 5.9 Shields


You had 6 spell levels left.
You didn't know any spells.
Your spell library was empty.

Dungeon Overview and Level Annotations

Branches:
Dungeon (4/15)
 Temple: D:4-7

Altars:
Nemelex Xobeh
Okawaru
Ru
Sif Muna


Innate Abilities, Weirdness & Mutations

You reflexively headbutt those who attack you in melee.
You have a pair of horns on your head.


Message History

The water moccasin poisons you! The ogre barely misses you.
* * * LOW HITPOINT WARNING * * *
You feel sick.
The water moccasin bites you but does no damage. x2
You hit the ogre.
The ogre is heavily wounded.
* * * LOW HITPOINT WARNING * * *
You feel sick.
The water moccasin bites you but does no damage.
The ogre closely misses you. The water moccasin misses you.
You puncture the ogre! You headbutt the ogre.
You kill the ogre!
Okawaru accepts your kill.
Your Maces & Flails skill increases to level 5!
You have reached level 7!
* * * LOW HITPOINT WARNING * * *
You feel sick. The water moccasin barely misses you.
Okay, then.
It was a potion of haste.
You feel yourself speed up.
You die...

########## #........#
#...)....#
##########...@....#
#.......##..S.....#
#..................#
#.......##...........
#######.#####>........##
#.......(....###.##.#..#
#..........#..##.##.#..##
#........(.##..#.##.#...###
#..........# #...
#.......#####


You could see a water moccasin.

Vanquished Creatures
  An ogre (D:4)
  A scorpion (D:4)
  A hound (D:4)
  A bullfrog skeleton (D:4)
  An orc priest (D:4)
  An orc wizard (D:4)
  An iguana (D:4)
  Natasha (thrice) (D:3)
  3 worker ants (D:4)
  Robin (D:3)
  5 adders
  An ooze (D:4)
  A worm (D:3)
  A dart slug (D:1)
  4 leopard geckos
  10 orcs
  5 giant cockroaches
  12 goblins
  7 hobgoblins
  7 jackals
  5 kobolds
  2 quokkas
  2 ball pythons
  7 bats
  4 frilled lizards
  8 rats
95 creatures vanquished.

Notes
Turn   | Place    | Note
-------+----------+-------------------------------------------
     0 | D:1      | Deathlysoul the Minotaur Fighter began the quest for the
                  | Orb.
     0 | D:1      | Reached XP level 1. HP: 19/19 MP: 0/0
   441 | D:1      | Reached XP level 2. HP: 27/27 MP: 1/1
   905 | D:2      | Reached XP level 3. HP: 33/33 MP: 2/2
  1256 | D:2      | Found a sparkling altar of Nemelex Xobeh.
  1519 | D:3      | Found an iron altar of Okawaru.
  1525 | D:3      | Reached XP level 4. HP: 41/41 MP: 3/3
  1545 | D:3      | Noticed Robin
  1554 | D:3      | Killed Robin
  1629 | D:3      | Noticed Natasha
  1637 | D:3      | Killed Natasha
  1644 | D:3      | Became a worshipper of Warmaster Okawaru
  1789 | D:3      | Noticed Natasha
  1800 | D:3      | Killed Natasha
  1800 | D:3      | Reached XP level 5. HP: 45/47 MP: 4/4
  1832 | D:3      | Found a faded altar of an unknown god.
  1865 | D:3      | Found a deep blue altar of Sif Muna.
  1934 | D:3      | Noticed Natasha
  1945 | D:3      | Killed Natasha
  2262 | D:4      | Reached skill level 5 in Shields
  2505 | D:4      | Reached skill level 5 in Fighting
  2511 | D:4      | Reached skill level 5 in Armour
  2557 | D:4      | Reached XP level 6. HP: 50/56 MP: 5/5
  2680 | D:4      | Reached * piety under Okawaru
  3051 | D:4      | Found a sacrificial altar of Ru.
  3254 | D:4      | Noticed a water moccasin
  3261 | D:4      | HP: 2/57 [poisoned by a water moccasin]
  3263 | D:4      | Reached skill level 5 in Maces & Flails
  3263 | D:4      | Reached XP level 7. HP: 1/62 MP: 6/6
  3264 | D:4      | Succumbed to a water moccasin's poison

Levels and vault maps discovered:
D:1:      minmay_arrival_widening_spiral_narrow, layout_rooms,
          hangedman_decor_riveting, minmay_liquid_box
D:2:      layout_rooms, lemuel_round_altar, st_stairs_14
D:3:      minmay_angry_zag, layout_rooms, okawaru_ov_weapons_minmay,
          led_sif_book, chequers_ecumenical_altar_island, first_ration,
          uniq_natasha, uniq_robin
D:4:      layout_rooms, nicolae_ru_great_annihilating_truth

Skill      XL: |  1  2  3  4  5  6 |
---------------+-------------------+-----
Armour         | 4 5 |  5.8
Shields        | 4 5 |  5.9
Fighting       | 4 5 |  5.8
Maces & Flails | 3 4 5 |  5.1

Action                   |  1- 3 |  4- 6 |  7- 9 || total
-------------------------+-------+-------+-------++-------
Melee: Flail             |    92 |   104 |       ||   196
       Headbutt          |     8 |    27 |       ||    35
       Morningstar       |       |    58 |       ||    58
  Use: Potion            |       |       |     1 ||     1
  Eat: Chunk             |     2 |     6 |       ||     8
Armor: Scale mail        |    32 |    69 |       ||   101
Dodge: Dodged            |    32 |    62 |     1 ||    95
Block: Shield            |    58 |   106 |       ||   164

Table legend:
 A = Non-vault XP
 B = Vault XP
 C = Vault XP percentage of total XP
 D = Non-vault monster count
 E = Vault monster count
 F = Vault count percentage of total count
                 A         B        C        D         E       F
            +---------+---------+-------+---------+---------+-------
      Total |     716 |     125 |  14.9 |      73 |      22 |  23.2
            +---------+---------+-------+---------+---------+-------
        D:1 |      19 |       0 |   0.0 |      11 |       0 |   0.0
        D:2 |      58 |       1 |   1.7 |      19 |       1 |   5.0
        D:3 |     109 |      79 |  42.0 |      15 |      17 |  53.1
        D:4 |     530 |      45 |   7.8 |      28 |       4 |  12.5
            +---------+---------+-------+---------+---------+-------
